 Dungeon Crawl Stone Soup version 0.29-a0-653-gd47aff6735 (webtiles) character file.

Game seed: 4867428441757570958

69 ytrimaz the Ducker (level 4, -5/21 HPs)
             Began as a Felid Chaos Knight on June 21, 2022.
             Was a Plaything of Xom.
             Slain by an ice beast (12 damage)
             ... on level 4 of the Dungeon.
             The game lasted 00:04:06 (4780 turns).

ytrimaz the Ducker (Felid Chaos Knight)             Turns: 4780, Time: 00:04:07

Health: -5/21      AC:  1    Str:  8    XL:     4   Next: 2%
Magic:  5/5        EV: 19    Int: 15    God:    Xom [.....*]
Gold:   195        SH:  0    Dex: 15    Spells: 3/3 levels left
                                        Lives:  0   Deaths: 1

rFire   . . .      SeeInvis +     - Unarmed
rCold   . . .      Faith    .   (shield unavailable)
rNeg    . . .      Spirit   .   (body armour unavailable)
rPois   .          Reflect  .   (helmet unavailable)
rElec   .          Harm     .   (cloak unavailable)
rCorr   .          Rampage  .   (gloves unavailable)
Will    .....                   (boots unavailable)
Stlth   +.........              (no amulet)
HPRegen 0.07/turn               e - ring of wizardry
MPRegen 0.09/turn               (no ring)

@: quick
A: very small, claws 1, fangs 3, see invisible, speed 1, shaggy fur 1, stealthy
paws, no weapons or thrown items, no armour, multi-lived
a: Renounce Religion


You were on level 4 of the Dungeon.
You worshipped Xom.
You were Xom's teddy bear.
You visited 1 branch of the dungeon, and saw 4 of its levels.

You collected 195 gold pieces.

Inventory:

Jewellery
 e - a ring of wizardry (left paw)
Scrolls
 f - 2 scrolls of fog
 k - a scroll of magic mapping
Potions
 b - a potion of curing
 c - 2 potions of resistance
 d - 2 potions of mutation {unknown}
 g - a potion of invisibility
 h - a potion of brilliance {unknown}
 i - a potion of haste {unknown}
Miscellaneous
 a - a piece from Xom's chessboard (inert) (quivered)


   Skills:
 - Level 3.0 Fighting
 * Level 5.1 Dodging
 + Level 4.7 Unarmed Combat


You had 3 spell levels left.
You didn't know any spells.
Your spell library was empty.

Dungeon Overview and Level Annotations

Branches:
Dungeon (4/15)
 Temple: D:4-7

Altars:
Xom
Beogh

Annotations:
D:4 Menkaure


Innate Abilities, Weirdness & Mutations

You have sharp claws.
You have razor-sharp teeth.
You have supernaturally acute eyesight. (SInv)
You cover ground quickly. (Speed+)
You are covered in fur. (AC +1)
Your paws help you pounce on unaware monsters.
You are incapable of wielding weapons or throwing items.
You cannot wear armour.
You gain extra lives every three experience levels.


Message History

The chess piece greys!
You pounce on the helpless ice beast from behind!
You scratch the ice beast.
The ice beast is lightly wounded.
The ice beast hits you. The ice beast freezes you.
You scratch the ice beast but do no damage.
The ice beast is lightly wounded.
The ice beast barely misses you.
You scratch the ice beast. You bite the ice beast.
The ice beast is heavily wounded.
Xom briefly touches your surroundings. The ice beast closely misses you.
You barely miss the ice beast. Your bite misses the ice beast.
The ice beast is heavily wounded.
You closely miss the ice beast.
The ice beast is heavily wounded.
The ice beast completely misses you.
You closely miss the ice beast. You bite the ice beast.
The ice beast is heavily wounded.
The ice beast closely misses you.
You scratch the ice beast.
The ice beast is severely wounded.
The ice beast barely misses you.
You scratch the ice beast.
You bite the ice beast, but do no damage.
The ice beast is severely wounded.
The ice beast misses you.
You scratch the ice beast but do no damage.
You bite the ice beast, but do no damage.
The ice beast is severely wounded.
The ice beast completely misses you.
You scratch the ice beast but do no damage.
The ice beast is severely wounded.
The ice beast misses you.
You scratch the ice beast.
You bite the ice beast, but do no damage.
The ice beast is almost dead.
The ice beast hits you. The ice beast freezes you!
Ouch! That really hurt!
You die...

#.. #....#..# ###.###
#.,*
#.##.#..#.#.....# ,,
#.####..#.#.#.#.#
*,,,,* #.#
#..#.#.#.#.# * *
#.####..#.#.#.#.#
**,*
#.......#.#.#.#.# *
****#######.#_#.#.#.#
,,,,,, #.#Y#.#.#.#
,,,,,, ,,,,
#.#@#.#.#.#
...........*
#.#.#.#.#.#
...........*
#...#.#.#
...........*
#_#_#.#.#
...........*
#>#.#.#.# ...........
#.#.#.#.# ...........
#.#_#.#.#
...........*
#...#.#.#
...†l......*
#####.#.#


You could see an ice beast.

Vanquished Creatures
  An iguana (D:3)
  4 adders
  2 dart slugs (D:1)
  5 ball pythons
  5 bats
  5 endoplasms
  2 giant cockroaches
  3 goblins
  6 hobgoblins
  2 jackals (D:2)
  4 quokkas
  15 frilled lizards
  4 kobolds
  3 rats
61 creatures vanquished.

Vanquished Creatures (others)
  8 plants (D:3)
8 creatures vanquished.

Grand Total: 69 creatures vanquished

Notes
Turn   | Place    | Note
-------+----------+-------------------------------------------
     0 | D:1      | ytrimaz the Felid Chaos Knight began the quest for the Orb.
     0 | D:1      | Reached XP level 1. HP: 10/10 MP: 2/2
    28 | D:1      | XOM: butterfly on damage
   857 | D:1      | Reached XP level 2. HP: 12/14 MP: 3/3
  1455 | D:1      | Reached skill level 4 in Dodging
  1589 | D:1      | Found a faded altar of an unknown god.
  1708 | D:2      | XOM: god gift: runed ring mail {god gift}
  1717 | D:2      | XOM: scenery: create altars
  1861 | D:2      | Reached XP level 3. HP: 11/17 MP: 4/4
  1920 | D:2      | XOM: 2-stop teleportation journey
  2066 | D:2      | XOM is BORED!
  2066 | D:2      | XOM: noise
  2186 | D:2      | XOM: silly message
  2293 | D:2      | XOM: silly message
  2395 | D:2      | XOM: cloud trail
  2478 | D:2      | XOM: smoke on damage
  2698 | D:2      | Identified the +7 hunting sling "Giosmuen" {freeze, +Blink
                  | Dex+4 SInv Stlth+}
  2934 | D:3      | XOM: silly message
  2999 | D:3      | XOM: butterfly on damage
  3002 | D:3      | Reached XP level 4. HP: 12/21 MP: 5/5
  3230 | D:3      | XOM: 5-stop teleportation journey
  3435 | D:3      | XOM: god gift: 30 gold pieces
  3532 | D:3      | XOM: 1-stop teleportation journey
  3580 | D:3      | Reached skill level 5 in Dodging
  4031 | D:3      | XOM is BORED!
  4099 | D:4      | Noticed Menkaure
  4264 | D:4      | XOM: divination: magic mapping
  4273 | D:4      | Slain by an iguana
  4274 | D:4      | Reached XP level 3. HP: -3/17 MP: 4/4
  4405 | D:4      | Noticed an ice beast
  4478 | D:4      | Reached XP level 4. HP: 8/21 MP: 5/5
  4772 | D:4      | XOM: scenery: create altars
  4780 | D:4      | Slain by an ice beast

Illustrated notes

Levels and vault maps discovered:
D:1:      minmay_arrival_three_doors, layout_basic,
          hellmonk_ecumenical_altar_defaced_shrine
D:2:      layout_loops_ring, minmay_pentomino_v4
D:3:      layout_loops_corners, minmay_lizard_king
D:4:      layout_basic, uniq_menkaure

Skill      XL: |  1  2  3  4 |
---------------+-------------+-----
Dodging        | 4 5 |  5.1
Unarmed Combat | 4 |  4.7
Fighting       | |  3.0

Action                   |  1- 3 |  4- 6 || total
-------------------------+-------+-------++-------
Melee: Unarmed           |   122 |    76 ||   198
       Bite              |    13 |     7 ||    20
       Punch             |     1 |       ||     1
Evoke: Piece from Xom's  |    18 |     4 ||    22
  Use: Scroll            |     9 |     2 ||    11
       Potion            |     3 |       ||     3
 Stab: Sleeping          |     3 |       ||     3
       Paralysed         |     1 |       ||     1
       Petrified         |     2 |       ||     2
       Distracted        |       |     1 ||     1
Armor: Skin              |     7 |       ||     7
Dodge: Dodged            |    98 |    47 ||   145

Table legend: (Time is in decaauts)
 A = Elapsed time spent in this place.
 B = Non-inter-level travel time spent in this place.
 C = Inter-level travel time spent in this place.
 D = Time resting spent in this place.
 E = Time spent auto-exploring this place.
 F = Levels seen in this place.
 G = Mean time per level.
                   A        B        C        D        E       F      G
               +--------+--------+--------+--------+--------+-----+--------+
         Total |   4239 |   4155 |     84 |    214 |   3384 |   4 | 1059.8 |
       Dungeon |   4239 |   4155 |     84 |    214 |   3384 |   4 | 1059.8 |
               +--------+--------+--------+--------+--------+-----+--------+

Top non-repeatable levels by time:
     D:1: 1454 daAuts
     D:3: 1255 daAuts
     D:2: 1050 daAuts
     D:4: 479 daAuts
